 Dungeon Crawl Stone Soup version 0.26-a0-631-ged93497179 (webtiles) character file.

Game seed: 8735320752073891431

28 Chifra the Skirmisher (level 2, 15/24 HPs)
             Began as a Demonspawn Berserker on Sept 12, 2020.
             Was a Follower of Trog.
             Quit the game on level 1 of the Dungeon.
             The game lasted 00:03:13 (476 turns).

Chifra the Skirmisher (Demonspawn Berserker)         Turns: 476, Time: 00:03:14

Health: 15/24      AC:  5    Str: 17    XL:     2   Next: 96%
Magic:  2/2        EV: 11    Int:  8    God:    Trog [*.....]
Gold:   21         SH:  0    Dex: 12    Spells: 1/1 levels left

rFire    . . .     SeeInvis .   a - +0 mace
rCold    . . .     Faith    .   (no shield)
rNeg     . . .     Spirit   .   e - +0 ring mail
rPois    .         Reflect  .   (no helmet)
rElec    .         Harm     .   (no cloak)
rCorr    .         Rampage  .   (no gloves)
MR       .....                  (no boots)
Stlth    +.........             (no amulet)
HPRegen  0.08/turn              (no ring)
MPRegen  0.08/turn              (no ring)

@: no status effects
A: claws 1
a: Berserk, Renounce Religion


You were on level 1 of the Dungeon.
You worshipped Trog.
Trog was aware of your devotion.
You visited 1 branch of the dungeon, and saw 1 of its levels.

You collected 21 gold pieces.

Inventory:

Hand Weapons
 a - a +0 mace (weapon)
 b - a +0 short sword
Armour
 e - a +0 ring mail (worn)
Jewellery
 c - a +4 ring of protection {unknown}


   Skills:
 + Level 3.3 Fighting
 - Level 2.8 Maces & Flails
 - Level 2.0 Armour
 + Level 2.2 Dodging
 * Level 1.1 Unarmed Combat


You had one spell level left.
You didn't know any spells.
Your spell library was empty.

Dungeon Overview and Level Annotations

Branches:
Dungeon (1/15)

Altars:


Innate Abilities, Weirdness & Mutations

You have sharp fingernails.


Message History

You kill the giant cockroach!
Trog accepts your kill. The rat bites you but does no damage.
You sock the rat!
You kill the rat!
Trog accepts your kill.
You hit the kobold.
You kill the kobold!
Trog accepts your kill.
Items here: ) †††.
b - a +0 short sword You aren't carrying any potions.
Quiver which item? (- for none, * to show all) (? for menu, Esc to quit)
Okay, then.
Save game and exit?
Okay, then.
Quiver which item? (- for none, * to show all) (? for menu, Esc to quit)
Okay, then.
You aren't carrying any potions.
Are you sure you want to abandon this character and quit the game? (Confirm with "yes".)

......#.#
##............#
....#.#######.#
....... #.#
....... #.#
....... #.# #
....... #.# ##
.......######.#
.# #..@..(((.#
.# ##.########
.# #. ## .. ###


There were no monsters in sight!

Vanquished Creatures
  An ooze (D:1)
  A dart slug (D:1)
  4 bats (D:1)
  A giant cockroach (D:1)
  2 goblins (D:1)
  A hobgoblin (D:1)
  2 jackals (D:1)
  A ball python (D:1)
  3 frilled lizards (D:1)
  2 kobolds (D:1)
  3 rats (D:1)
21 creatures vanquished.

Notes
Turn   | Place    | Note
-------+----------+-------------------------------------------
     0 | D:1      | Chifra the Demonspawn Berserker began the quest for the
                  | Orb.
     0 | D:1      | Reached XP level 1. HP: 18/18 MP: 1/1
   104 | D:1      | Gained mutation: You have sharp fingernails. [demonic
                  | ancestry]
   104 | D:1      | Reached XP level 2. HP: 13/24 MP: 2/2
   469 | D:1      | Reached skill level 1 in Unarmed Combat
   476 | D:1      | Quit the game

Illustrated notes

Levels and vault maps discovered:
D:1:      giann_wishing_wells, layout_loops_ring

Skill      XL: |  1  2 |
---------------+-------+-----
Armour         | 2 |  2.0
Dodging        | 2 |  2.2
Unarmed Combat | 1 |  1.1
Fighting       | |  3.3
Maces & Flails | |  2.8

Action                   || total
-------------------------++-------
Melee: Mace              ||    59
  Use: Scroll            ||     3
Armor: Animal skin       ||     4
       Ring mail         ||    52
Dodge: Dodged            ||    73

Table legend: (Time is in decaauts)
 A = Elapsed time spent in this place.
 B = Non-inter-level travel time spent in this place.
 C = Inter-level travel time spent in this place.
 D = Time resting spent in this place.
 E = Time spent auto-exploring this place.
 F = Levels seen in this place.
 G = Mean time per level.
                   A        B        C        D        E       F      G
               +--------+--------+--------+--------+--------+-----+--------+
         Total |    491 |    491 |      0 |      0 |      0 |   1 |  491.0 |
       Dungeon |    491 |    491 |      0 |      0 |      0 |   1 |  491.0 |
               +--------+--------+--------+--------+--------+-----+--------+

Top non-repeatable levels by time:
     D:1: 491 daAuts
